 Dungeon Crawl Stone Soup version 0.30-a0-121-gb27577e5d9 (webtiles) character file.

Game seed: 1933339965037325357

62090 porpoise the Grappler (level 14, -2/131 HPs)
             Began as a Troll Warper on Sept 14, 2022.
             Was a High Priest of Hepliaklqana.
             Slain by a vault guard
             ... wielding a +0 battleaxe
              (9 damage)
             ... while petrified by a basilisk
             ... on level 14 of the Dungeon on Sept 15, 2022.
             The game lasted 01:36:01 (18992 turns).

porpoise the Grappler (Troll Warper)               Turns: 18992, Time: 01:36:01

Health: -2/131     AC: 11    Str: 28    XL:     14   Next: 63%
Magic:  18/18      EV:  1    Int:  9    God:    Hepliaklqana [*****.]
Gold:   629        SH:  0    Dex: 13    Spells: 2/19 levels left

rFire   + . .      SeeInvis .      - Unarmed
rCold   + . .      Faith    .    H - +1 kite shield
rNeg    + + +      Spirit   .    o - +1 troll leather armour
rPois   ∞          Reflect  .    (helmet restricted)
rElec   .          Harm     .    x - scarf {rC+ rF+}
rCorr   .          Rampage  .    (gloves unavailable)
Will    +....                    (boots unavailable)
Stlth   +.........               C - amulet of regeneration
HPRegen 2.71/turn                r - +6 ring of strength
MPRegen 0.16/turn                M - +4 ring of protection

@: petrified
A: reduced essence, large, unfitting armour, claws 3, regeneration 1, shaggy fur
1, tough skin 1
a: Renounce Religion, Recall Ancestor, Ancestor Identity, Transference, Idealise


You were on level 14 of the Dungeon.
You worshipped Hepliaklqana.
Hepliaklqana was extremely pleased with you.
You visited 2 branches of the dungeon, and saw 19 of its levels.
You also visited: Ossuary.

You collected 1306 gold pieces.
You spent 677 gold pieces at shops.

Inventory:

Hand Weapons
 b - a +1 sling of flaming
 w - the +7 whip "Cezau" {freeze, rElec rF+ Will- SInv}
   (You found it on level 6 of the Dungeon)

   It freezes those it strikes, dealing additional cold damage.
   It can also slow down cold-blooded creatures.
   rF:        It protects you from fire.
   rElec:     It insulates you from electricity.
   SInv:      It lets you see invisible.
   Will:      It decreases your willpower.
 W - a +0 demon whip of venom
Missiles
 h - 7 javelins
 l - 10 poisoned darts
 s - 12 curare-tipped darts
 u - a throwing net
 I - 21 large rocks (quivered)
Armour
 o - a +1 troll leather armour (worn)
 x - a scarf of resistance (worn)
 H - a +1 kite shield (worn)
 T - +0 acid dragon scales
Jewellery
 c - a ring of wizardry
 r - a +6 ring of strength (left claw)
 C - an amulet of regeneration (around neck)
 M - a +4 ring of protection (right claw)
 Z - a ring of fire
Wands
 t - a wand of flame (17)
 E - a wand of polymorph (14)
 F - a wand of mindburst (2)
 G - a wand of iceblast (13)
 J - a wand of digging (3)
 K - a wand of acid (20)
 N - a wand of charming (16)
Scrolls
 a - a scroll of amnesia
 d - 10 scrolls of teleportation
 f - 4 scrolls of blinking
 j - 3 scrolls of summoning
 q - a scroll of noise
 v - a scroll of fog
 P - 5 scrolls of identify
 U - 2 scrolls of vulnerability
 Y - a scroll of fear
Potions
 e - a potion of lignification
 g - 13 potions of curing
 i - 3 potions of haste
 k - a potion of berserk rage
 m - a potion of heal wounds
 n - a potion of invisibility
 p - 7 potions of ambrosia
 y - a potion of cancellation
 z - 4 potions of might
 A - a potion of brilliance
 L - 4 potions of attraction
 S - a potion of resistance


   Skills:
 * Level 11.5 Fighting
 - Level 0.8 Throwing
 * Level 5.4 Armour
 - Level 7.0 Dodging
 - Level 9.0 Shields
 - Level 14.0 Unarmed Combat
 - Level 3.0 Spellcasting
 - Level 2.1 Translocations
 + Level 0.7 Transmutations
 + Level 0.9 Fire Magic
 + Level 0.6 Poison Magic
 - Level 7.0 Invocations
 - Level 5.0 Evocations


You had 2 spell levels left.
You knew the following spells:

 Your Spells              Type           Power      Damage    Failure   Level
i - Ignite Poison         Fire/Tmut/Pois 2%         N/A       80%         3
k - Blink                 Tloc           10%        N/A       36%         2
o - Olgreb's Toxic Radia  Pois           2%         N/A       99%         4
r - Frozen Ramparts       Ice            2%         1d1       88%         3
v - Borgnjor's Vile Clut  Necr/Erth      0%         N/A       100%        5

Your spell library contained the following spells:

 Spells                   Type           Power      Damage    Failure   Level
 Slow                     Hex            4%         N/A       54%         1
 Cigotuvi's Dreadful Rot  Necr/Pois/Air  2%         N/A       65%         2
 Static Discharge         Conj/Air       2%         3-4/arc   67%         2
 Sublimation of Blood     Necr           1%         N/A       67%         2
 Gell's Gravitas          Tloc           5%         N/A       61%         3
 Lesser Beckoning         Tloc           5%         N/A       61%         3
 Teleport Other           Tloc           5%         N/A       61%         3
 Kindle Blastsparks       Fire/Tloc/Air  6%         2d10      77%         3
 Mephitic Cloud           Conj/Pois/Air  1%         N/A       87%         3
 Confusing Touch          Hex            1%         N/A       88%         3
 Dazzling Flash           Conj/Hex       2%         N/A       88%         3
 Vampiric Draining        Necr           1%         2d6       88%         3
 Manifold Assault         Tloc           5%         N/A       95%         4
 Dispel Undead            Necr           1%         3d6       99%         4
 Fulminant Prism          Conj/Hex       0%         3d6       99%         4
 Ice Form                 Ice/Tmut       1%         N/A       99%         4
 Iskenderun's Mystic Bla  Conj/Tloc      3%         2d3       99%         4
 Petrify                  Tmut/Erth      1%         N/A       99%         4
 Sticky Flame             Conj/Fire      2%         2d3       99%         4
 Summon Ice Beast         Ice/Summ       1%         N/A       99%         4
 Alistair's Intoxication  Tmut/Pois      1%         N/A       100%        5
 Irradiate                Conj/Tmut      0%         3d11      100%        5
 Lee's Rapid Deconstruct  Erth           0%         3d5*      100%        5
 Eringya's Noxious Bog    Tmut/Pois      1%         N/A       100%        6
 Starburst                Conj/Fire      1%         6d3       100%        6


Dungeon Overview and Level Annotations

Branches:
Dungeon (14/15)            Temple (0/1) D:7            Lair (5/5) D:11
  Swamp (0/4) Lair:3        Snake (0/4) Lair:3        Slime (0/5) Lair:4
    Orc (0/2) D:10        Ossuary (visited)
 Vaults: D:13-14

Altars:
Cheibriados
Dithmenos
Fedhas
Hepliaklqana
Wu Jian
Xom
Zin
The Shining One
Jiyva

Shops:
D:12 *


Innate Abilities, Weirdness & Mutations

Your life essence is reduced to manifest your ancestor. (-10% HP)
You are too large for most types of armour.
You have claws for hands.
Your natural rate of healing is unusually fast.
You are covered in fur. (AC +1)
You have tough skin. (AC +1)


Message History

The boulder beetle bites Bekki.
The manticore bites you! The manticore barely misses you.
The manticore claws you.
Bekki casts a spell at the boulder beetle.
The puff of frost hits the boulder beetle but does no damage.
The vault guard hits you with a +0 battleaxe!
The boulder beetle bites Bekki.
The manticore bites you but does no damage.
The manticore claws you but does no damage.
The manticore claws you.
Bekki casts a spell at the boulder beetle.
The puff of frost hits the boulder beetle but does no damage.
The vault guard hits you with a +0 battleaxe!!
The boulder beetle bites Bekki!
The manticore bites you!
* * * LOW HITPOINT WARNING * * *
The manticore claws you!
* * * LOW HITPOINT WARNING * * *
The manticore claws you.
* * * LOW HITPOINT WARNING * * *
Bekki hits the boulder beetle but does no damage.
The vault guard hits you with a +0 battleaxe!
* * * LOW HITPOINT WARNING * * *
The boulder beetle curls into a ball and begins rolling!
The manticore bites you!!
* * * LOW HITPOINT WARNING * * *
The manticore claws you.
* * * LOW HITPOINT WARNING * * *
The manticore claws you but does no damage.
Bekki gestures at the boulder beetle while chanting.
The stone arrow hits the boulder beetle!
The vault guard hits you with a +0 battleaxe!
* * * LOW HITPOINT WARNING * * *
The boulder beetle barely misses Bekki.
The boulder beetle stops rolling and uncurls.
The manticore bites you!
* * * LOW HITPOINT WARNING * * *
The manticore claws you.
The manticore claws you but does no damage.
Bekki hits the boulder beetle with a +0 quarterstaff!
The vault guard hits you with a +0 battleaxe!!
You die...

..######.....#####..####...#..###
.............# ##..##..####.###
.............# #..#..## ##.##
.........#...# ##....# #...
.......#############...## #...
.†.....# #(#.#.#.##..## ##.##
.......# #.#.#B####..####..#
.......# #.#R#.# ###..##.##
.......# #@#.#### ##....###
.......# #p#H#.#.# ##...##..
#...##.# #.# #.##.###........
##.##### #.# #.#..#......... #..#
#.# ##............ ...# ##
#######.......#.... ...##
..............#...# ##..#
...#..........#...# ##.#
#..###......#...#


You could see the friendly Bekki the battlemage, a boulder beetle (distracted,
ally target), a vault guard and a manticore.

Vanquished Creatures
  3 hydras
  2 catoblepae (Lair:1)
  A centaur warrior (D:13)
  2 boulder beetles (D:14)
  2 two-headed ogres
  A death yak (Lair:5)
  Amaemon (D:8)
  3 skeletal warriors (D:12)
  A lindwurm (Lair:5)
  A deep elf pyromancer (D:14)
  Pikel (D:5)
  10 ugly things (D:14)
  3 cyclopes
  A manticore (D:14)
  3 elephants (Lair:5)
  8 black mambas
  Maurice (D:8)
  A cane toad (shapeshifter) (D:14)
  An orange demon (D:8)
  5 kobold demonologists
  7 komodo dragons
  4 cane toads
  A rime drake (Lair:2)
  2 unseen horrors (D:11)
  3 yaktaurs (D:12)
  A tengu conjurer (D:14)
  A troll (D:10)
  2 meliai (Lair:4)
  A queen bee (Lair:4)
  2 polar bears
  4 slime creatures
  7 blink frogs
  3 wraiths
  4 wyverns
  2 vampires
  15 yaks
  Eustachio (D:5)
  A wyvern (shapeshifter) (D:14)
  5 steam dragons
  6 basilisks
  14 vampire mosquitoes
  Menkaure (D:4)
  2 acid dragons
  2 nagas (Lair:3)
  A swamp worm (Lair:3)
  7 water moccasins
  4 hell hounds (Lair:5)
  4 orc warriors
  A sky beast (D:6)
  3 black bears
  2 centaurs
  14 wolves
  An ogre (D:5)
  A lemure (D:5)
  2 phantoms
  Blork the orc (D:5)
  6 kobold brigands
  5 bullfrogs
  A gnoll sergeant (D:6)
  A necrophage (D:7)
  6 scorpions
  3 wights (D:6)
  16 killer bees
  8 howler monkeys
  A vampire bat (D:4)
  2 lava snakes (Lair:5)
  3 centaur zombies (Ossuary)
  4 hounds
  4 jellies
  A gnoll bouda (D:9)
  8 orc priests
  3 iguanas
  8 orc wizards
  6 mummies (Ossuary)
  12 gnolls
  12 adders
  A shadow imp (D:8)
  A white imp (D:8)
  4 worms (D:2)
  A dart slug (D:2)
  30 orcs
  6 ball pythons
  18 bats
  15 endoplasms
  8 giant cockroaches
  7 hobgoblins
  5 jackals
  2 quokkas
  5 frilled lizards
  5 goblins
  4 goblin zombies (Ossuary)
  27 kobolds
  An orc zombie (Ossuary)
  7 rats
440 creatures vanquished.

Vanquished Creatures (collateral kills)
  A fire dragon (Lair:5)
  A hydra (Lair:5)
  A death knight (D:13)
  3 boulder beetles
  2 death yaks (Lair:5)
  2 skeletal warriors
  5 ugly things (D:14)
  2 manticores
  3 molten gargoyles (Lair:5)
  4 cane toads
  A cane toad (shapeshifter) (D:13)
  A komodo dragon (Lair:3)
  A kobold demonologist (D:11)
  An unseen horror (D:13)
  A tengu conjurer (D:14)
  2 polar bears
  A meliai (Lair:4)
  A troll (D:12)
  Prince Ribbit (Lair:3)
  6 blink frogs
  2 wraiths (D:13)
  2 wyverns (Lair:5)
  5 yaks
  3 basilisks
  A swamp worm (Lair:3)
  An acid dragon (D:11)
  2 water moccasins
  A sky beast (D:8)
  7 wolves
  2 kobold brigands
  A gnoll sergeant (D:9)
  2 bullfrogs
  4 killer bees (Lair:4)
  3 lava snakes (Lair:5)
  An orc priest (D:10)
  2 gnolls (D:9)
  3 adders (Lair:4)
  4 orcs
  4 kobolds
90 creatures vanquished.

Vanquished Creatures (others)
  2 ancestors
  13 battlemagi
  21 fungi
  19 plants
  7 toadstools (D:3)
62 creatures vanquished.

Grand Total: 592 creatures vanquished

Notes
Turn   | Place    | Note
-------+----------+-------------------------------------------
     0 | D:1      | porpoise the Troll Warper began the quest for the Orb.
     0 | D:1      | Reached XP level 1. HP: 19/19 MP: 1/1
   200 | D:1      | Reached XP level 2. HP: 28/28 MP: 2/2
   933 | D:2      | Reached XP level 3. HP: 33/35 MP: 3/3
  1203 | D:2      | Reached skill level 3 in Unarmed Combat
  1426 | D:2      | Identified the +2 whip "Woudweps" {vorpal, Dex+4 SInv}
  1749 | D:2      | Reached XP level 4. HP: 44/44 MP: 4/4
  2068 | D:3      | Found a glowing golden altar of the Shining One.
  2084 | D:3      | HP: 2/44 [orc priest/+0 trident (8)]
  2541 | D:3      | Reached XP level 5. HP: 53/53 MP: 5/5
  2689 | D:3      | Reached skill level 4 in Unarmed Combat
  3041 | D:4      | Reached XP level 6. HP: 60/62 MP: 6/6
  3088 | D:4      | Found a sand-covered staircase.
  3094 | Ossuary  | Entered an ossuary
  3225 | Ossuary  | Reached skill level 5 in Unarmed Combat
  3562 | D:4      | Reached XP level 7. HP: 69/71 MP: 7/7
  4030 | D:4      | Noticed Menkaure
  4047 | D:4      | Killed Menkaure
  4048 | D:4      | Reached skill level 5 in Fighting
  4048 | D:4      | Reached skill level 6 in Unarmed Combat
  4374 | D:5      | Entered Level 5 of the Dungeon
  4389 | D:5      | Noticed Pikel
  4478 | D:5      | Killed Pikel
  4479 | D:5      | Reached skill level 7 in Unarmed Combat
  4479 | D:5      | Reached XP level 8. HP: 17/83 MP: 8/8
  4709 | D:5      | Noticed Eustachio
  4726 | D:5      | Killed Eustachio
  4938 | D:5      | Noticed Blork the orc
  4948 | D:5      | Killed Blork the orc
  4949 | D:5      | Reached skill level 8 in Unarmed Combat
  5251 | D:5      | Reached XP level 9. HP: 84/93 MP: 9/9
  5257 | D:5      | Found the +7 Singing Sword {vorpal, sonic wave}
  5615 | D:6      | Reached skill level 9 in Unarmed Combat
  5626 | D:6      | Identified the +7 whip "Cezau" {freeze, rElec rF+ Will-
                  | SInv}
  5694 | D:6      | Found a hazy altar of Hepliaklqana.
  5694 | D:6      | Found a shadowy altar of Dithmenos.
  5700 | D:6      | Found a shimmering altar of Xom.
  5702 | D:6      | Found a glowing silver altar of Zin.
  5703 | D:6      | Found a snail-covered altar of Cheibriados.
  5723 | D:6      | Became a worshipper of Hepliaklqana the Forgotten
  5923 | D:6      | Found a blossoming altar of Fedhas.
  6396 | D:7      | Found a staircase to the Ecumenical Temple.
  7136 | D:7      | Reached skill level 10 in Unarmed Combat
  7286 | D:8      | Reached * piety under Hepliaklqana
  7288 | D:8      | Noticed an orange demon
  7289 | D:8      | Noticed Amaemon
  7299 | D:8      | Killed Amaemon
  7300 | D:8      | Reached skill level 5 in Dodging
  7303 | D:8      | Killed an orange demon
  7304 | D:8      | Reached XP level 10. HP: 37/91 MP: 10/10
  7636 | D:8      | Found an ornate altar of the Wu Jian Council.
  7711 | D:8      | Noticed Maurice
  7734 | D:8      | Killed Maurice
  7778 | D:8      | Reached skill level 11 in Unarmed Combat
  8212 | D:9      | Noticed a cyclops
  8218 | D:9      | Killed a cyclops
  8426 | D:9      | Reached skill level 12 in Unarmed Combat
  8518 | D:9      | Noticed an orange demon
  8709 | D:10     | Entered Level 10 of the Dungeon
  8745 | D:10     | Reached XP level 11. HP: 92/98 MP: 11/11
  8991 | D:10     | Reached skill level 1 in Shields
  9065 | D:10     | Reached ** piety under Hepliaklqana
  9066 | D:10     | Remembered your ancestor Bekki as a battlemage
  9071 | D:10     | Found a staircase to the Orcish Mines.
  9102 | D:10     | Reached skill level 13 in Unarmed Combat
  9654 | D:11     | Noticed a two-headed ogre
  9671 | D:11     | Killed a two-headed ogre
  9758 | D:11     | Reached skill level 5 in Shields
  9865 | D:11     | Found a staircase to the Lair.
 10385 | Lair:1   | Entered Level 1 of the Lair of Beasts
 10794 | Lair:1   | Noticed a catoblepas
 10809 | Lair:1   | Killed a catoblepas
 10849 | Lair:1   | Reached *** piety under Hepliaklqana
 10850 | Lair:1   | Noticed a boulder beetle
 10859 | Lair:1   | Killed a boulder beetle
 10860 | Lair:1   | Reached skill level 14 in Unarmed Combat
 10881 | Lair:1   | Noticed a catoblepas
 10890 | Lair:1   | Killed a catoblepas
 10891 | Lair:1   | Reached skill level 1 in Invocations
 10891 | Lair:1   | Reached XP level 12. HP: 68/106 MP: 12/12
 11001 | Lair:1   | Reached skill level 1 in Evocations
 12684 | Lair:3   | Found a staircase to the Snake Pit.
 12871 | Lair:3   | Found a staircase to the Swamp.
 12954 | Lair:3   | Noticed Prince Ribbit
 12962 | Lair:3   | Killed Prince Ribbit
 13285 | Lair:4   | Reached **** piety under Hepliaklqana
 13554 | Lair:4   | Found a viscous altar of Jiyva.
 13555 | Lair:4   | Found a staircase to the Slime Pits.
 13881 | Lair:4   | Reached skill level 5 in Invocations
 14054 | Lair:5   | Entered Level 5 of the Lair of Beasts
 14258 | Lair:5   | Noticed a four-headed hydra
 14265 | Lair:5   | Reached XP level 13. HP: 109/117 MP: 15/15
 14362 | Lair:5   | Reached skill level 5 in Evocations
 14848 | Lair:5   | Found a large runed translucent door.
 14848 | Lair:5   | Found a large runed translucent door.
 14849 | Lair:5   | Noticed a fire dragon
 15161 | Lair:5   | Reached skill level 10 in Fighting
 15576 | Lair:5   | Reached ***** piety under Hepliaklqana
 15837 | Lair:5   | Killed a fire dragon
 15958 | Lair:4   | Learned a level 2 spell: Blink
 15962 | Lair:4   | Learned a level 3 spell: Frozen Ramparts
 15968 | Lair:4   | Learned a level 5 spell: Borgnjor's Vile Clutch
 16152 | D:12     | Reached skill level 1 in Armour
 16304 | D:12     | HP: 5/121 [skeletal warrior/+0 long sword (11)]
 16400 | D:12     | Reached XP level 14. HP: 92/129 MP: 18/18
 16841 | D:12     | Found Beixt's Serpentskin Sales.
 16849 | D:12     | Bought 4 curare-tipped darts for 33 gold pieces
 16849 | D:12     | Bought the Meditations on Toxins for 644 gold pieces
 16854 | D:12     | Learned a level 4 spell: Olgreb's Toxic Radiance
 18139 | D:14     | Found a shimmering altar of Xom.
 18140 | D:14     | Found a shimmering altar of Xom.
 18142 | D:14     | Found a shimmering altar of Xom.
 18142 | D:14     | Found a shimmering altar of Xom.
 18145 | D:14     | Found a shimmering altar of Xom.
 18145 | D:14     | Found a shimmering altar of Xom.
 18147 | D:14     | Found a shimmering altar of Xom.
 18227 | D:14     | Reached skill level 5 in Armour
 18244 | D:14     | Learned a level 3 spell: Ignite Poison
 18581 | D:8      | Upgraded the game from 0.30-a0-118-ga018f8e90f to
                  | 0.30-a0-121-gb27577e5d9
 18991 | D:14     | HP: 4/131 [manticore (8)]
 18992 | D:14     | Slain by a vault guard

Illustrated notes

Levels and vault maps discovered:
D:1:      dpeg_arrival_short_road, layout_loops_ring, minmay_worlds_worst_comb
D:2:      layout_basic, minmay_tetromino_t2
D:3:      cheibrodos_fertilizer, layout_basic, old_standard_altar,
          chequers_serial_rivers_micro_e, kennysheep_generic_room_2
D:4:      layout_basic, nicolae_ossuary_entry_plus, nrook_loot_triangle,
          roderic_batcave, corexii_shack, minmay_a_box_with_orc_wizards_in_it,
          uniq_menkaure
D:5:      old_forge, layout_cave_pools, roderic_st_hans_cross,
          kennysheep_generic_room_3, uniq_eustachio, uniq_blork_the_orc,
          uniq_pikel
D:6:      layout_gridville, mainiacjoe_overflow_tiny_flanked,
          grunt_temple_overflow_open
D:7:      layout_basic, minmay_temple_entry_proselytizer
D:8:      layout_basic, nicolae_wu_jian_immortal_techniques, nzn_life_drinkers,
          uniq_maurice, uniq_amaemon
D:9:      layout_basic
D:10:     layout_loops_ring, orc_0_dummy, minmay_orc_keep
D:11:     layout_stronghold, lair_entry_dummy
D:12:     layout_roguey, guppyfry_shop_venom
D:13:     layout_cave_pods
D:14:     layout_layer_cave, david_vaults_5, nicolae_xom_altar_mimics
Lair:1:   layout_roguey, cheibrodos_lair_caveside_slide, minivault_24,
          st_stairs_8
Lair:2:   layout_cave_pods
Lair:3:   layout_gridlike, minmay_swamp_entry_worms,
          guppyfry_snake_entry_island, grunt_megastairs_1, uniq_prince_ribbit2
Lair:4:   layout_misc_corridors, minmay_slime_entry_pillars, special_room
          [special_room_bee], cheibrodos_lair_reptile_den, lemuel_fruit_fields,
          grunt_megastairs_2
Lair:5:   cheibrodos_lair_end_hotspot, layout_layer_cave, serial_bayou_shore_b

Skill      XL: |  1  2  3  4  5  6  7  8  9 10 11 12 13 14 |
---------------+-------------------------------------------+-----
Fighting       | 2 3 4 6 7 8 10 11 | 11.5
Unarmed Combat | 3 4 5 7 8 10 12 14 | 14.0
Dodging        | 2 5 7 |  7.0
Shields        | 7 9 |  9.0
Invocations    | 1 5 7 |  7.0
Evocations     | 4 5 |  5.0
Armour         | 2 5 |  5.4
Spellcasting   | 3 |  3.0
Throwing       | |  0.8
Translocations | |  2.1
Transmutations | |  0.7
Fire Magic     | |  0.9
Poison Magic   | |  0.6

Action                   |  1- 3 |  4- 6 |  7- 9 | 10-12 | 13-15 || total
-------------------------+-------+-------+-------+-------+-------++-------
Melee: Unarmed           |   126 |   166 |   222 |   495 |   382 ||  1391
       Punch             |     4 |     5 |     8 |    10 |       ||    27
       Whip              |       |       |       |    21 |    17 ||    38
       Trident           |       |       |       |    17 |       ||    17
 Fire: Sling             |       |    37 |     3 |       |       ||    40
Throw: Dart              |       |       |    87 |    20 |       ||   107
       Boomerang         |       |       |     2 |       |       ||     2
       Large rock        |       |       |     4 |     7 |    40 ||    51
Invok: Ancestor Identity |       |       |     1 |       |       ||     1
       Ancestor Life: Ba |       |       |       |     1 |       ||     1
       Recall Ancestor   |       |       |       |       |     1 ||     1
       Idealise          |       |       |       |       |     1 ||     1
Evoke: Wand              |       |       |     3 |     5 |     4 ||    12
  Use: Potion            |       |     5 |     1 |     5 |     2 ||    13
       Scroll            |       |     7 |     7 |    10 |     6 ||    30
 Stab: Sleeping          |       |     1 |     1 |       |       ||     2
       Distracted        |       |       |       |     4 |     8 ||    12
       Petrified         |       |       |       |     1 |       ||     1
       Invisible         |       |       |       |     1 |       ||     1
Armor: Robe              |    41 |    63 |    60 |     1 |       ||   165
       Steam dragon scal |       |       |       |    45 |       ||    45
       Acid dragon scale |       |       |       |   151 |    88 ||   239
       Troll leather arm |       |       |       |       |    51 ||    51
Dodge: Dodged            |    47 |   105 |   126 |   245 |   180 ||   703
Block: Kite shield       |       |       |       |   180 |   265 ||   445

Table legend: (Time is in decaauts)
 A = Elapsed time spent in this place.
 B = Non-inter-level travel time spent in this place.
 C = Inter-level travel time spent in this place.
 D = Time resting spent in this place.
 E = Time spent auto-exploring this place.
 F = Levels seen in this place.
 G = Mean time per level.
                   A        B        C        D        E       F      G
               +--------+--------+--------+--------+--------+-----+--------+
         Total |  18904 |  17743 |   1161 |   2546 |  11035 |  20 |  945.2 |
       Dungeon |  12788 |  12001 |    787 |   2023 |   7429 |  14 |  913.4 |
          Lair |   5729 |   5355 |    374 |    423 |   3606 |   5 | 1145.8 |
       Ossuary |    387 |    387 |      0 |    100 |      0 |   1 |  387.0 |
               +--------+--------+--------+--------+--------+-----+--------+

Top non-repeatable levels by time:
  Lair:5: 1743 daAuts
  Lair:1: 1391 daAuts
     D:7: 1217 daAuts
     D:5: 1104 daAuts
     D:3: 1090 daAuts
    D:10: 1060 daAuts
     D:4: 1011 daAuts
  Lair:4: 986 daAuts
    D:13: 977 daAuts
     D:2: 968 daAuts
  Lair:2: 926 daAuts
     D:1: 923 daAuts
     D:8: 832 daAuts
    D:14: 823 daAuts
    D:11: 816 daAuts
